Senateurs vs Nordiques

Created - 20 mars 2018 at 17:31

Goals
1 2 3 T
Senateurs 0 2 0 2
Nordiques 0 1 3 4
Shots
1 2 3 T
Senateurs 9 16 13 38
Nordiques 11 14 15 40

1st period

No Goal

Penalties :
Nikita Zaitsev (OTT) for Holding Stick (Minor) at 14:46

2nd period

1. Nordiques , Jamie Benn 36 (Ryan O'Reilly 37, Sebastian Aho 36) at 0:47
2. Senateurs , Frans Nielsen 30 (Dustin Brown 16, Tanner Pearson 15) at 0:59
3. Senateurs , Ryan Spooner 17 (Viktor Arvidsson 41, Jarome Iginla 10) at 8:20

Penalties :
No Penalty

3rd period

4. Nordiques , Alexander Wennberg 23 (Kyle Turris 26, Shayne Gostisbehere 29) at 0:59
5. Nordiques , Alexander Wennberg 24 (Kyle Turris 27) at 2:17 (PP)
6. Nordiques , Patrik Berglund 16 (Connor Brown 13, Jaromir Jagr 13) at 2:23

Penalties :
Dougie Hamilton (OTT) for Roughing (Minor) at 2:14, Jarome Iginla (OTT) for Tripping (Minor) at 2:54, Nikita Zaitsev (OTT) for Interference (Minor) at 15:32

Goalie Stats

Jaroslav Halak (OTT), 36 saves from 40 shots - (0,900), L, 11-8-2, 60:00 minutes
Jonathan Bernier (QUE), 36 saves from 38 shots - (0,947), W, 9-3-0, 60:00 minutes

Players Stats for Senateurs

Player Name              G  A  P  +/- PIM S  H  SB GA TA FO     MP     PP MP  PK MP  
------------------------------------------------------------------------------------
Alexandre Burrows        0  0  0  -1  0   1  0  0  0  0  0/0    10:23   0:00   2:20 
Chandler Stephenson      0  0  0   0  0   3  0  1  0  0  0/0    12:21   0:00   0:00 
Dougie Hamilton          0  0  0  -1  2   3  2  1  0  0  0/0    23:58   0:00   2:12 
Dustin Brown             0  1  1   0  0   2  1  1  1  0  1/2    21:12   0:00   3:13 
Dwight King              0  0  0  -1  0   0  0  0  0  1  0/0     7:57   0:00   0:00 
Erik Haula               0  0  0   0  0   1  1  1  0  0  9/11   12:55   0:00   0:34 
Frans Nielsen            1  0  1   0  0   6  2  1  1  0  14/26  18:54   0:00   0:57 
Haydn Fleury             0  0  0   1  0   0  1  0  0  0  0/0    13:28   0:00   0:00 
Jake McCabe              0  0  0   1  0   0  1  1  0  1  0/0    15:10   0:00   1:28 
Jarome Iginla            0  1  1   0  2   4  1  0  1  0  1/2    12:22   0:00   0:00 
Jason Garrison           0  0  0  -1  0   4  2  2  0  0  0/0    22:33   0:00   3:48 
Luca Sbisa               0  0  0  -1  0   1  2  0  0  0  0/0    22:27   0:00   3:48 
Matt Hendricks           0  0  0  -1  0   0  0  0  1  0  7/10   11:18   0:00   3:09 
Michael Cammalleri       0  0  0   0  0   1  1  0  1  1  4/13   15:41   0:00   0:00 
Nikita Zaitsev           0  0  0  -1  4   1  1  1  0  0  0/0    22:49   0:00   0:44 
Ryan Spooner             1  0  1   0  0   3  1  0  1  1  0/1    15:27   0:00   0:00 
Tanner Pearson           0  1  1   0  0   4  1  0  2  0  0/3    17:45   0:00   0:00 
Viktor Arvidsson         0  1  1   0  0   4  2  1  1  0  0/0    17:16   0:00   1:47 

Players Stats for Nordiques

Player Name              G  A  P  +/- PIM S  H  SB GA TA FO     MP     PP MP  PK MP  
------------------------------------------------------------------------------------
Alexander Wennberg       2  0  2   1  0   5  0  0  0  0  0/0    17:50   2:41   0:00 
Andrei Markov            0  0  0   0  0   1  1  0  0  1  0/0    24:17   3:40   0:00 
Connor Brown             0  1  1   1  0   3  0  0  0  1  0/0    13:17   0:00   0:00 
Derek MacKenzie          0  0  0  -1  0   0  0  0  0  0  0/0     8:12   0:00   0:00 
Evander Kane             0  0  0   1  0   3  3  1  0  1  0/1    17:41   2:41   0:00 
Jakub Vrana              0  0  0  -1  0   1  0  0  1  1  0/0     8:12   0:00   0:00 
Jamie Benn               1  0  1   0  0   4  1  0  0  0  0/2    20:50   3:19   0:00 
Jared Spurgeon           0  0  0   0  0   2  0  1  0  2  0/0    24:17   3:40   0:00 
Jaromir Jagr             0  1  1   1  0   6  1  0  0  1  0/0    13:08   0:00   0:00 
Kevin Klein              0  0  0   1  0   0  2  2  0  0  0/0    13:14   0:00   0:00 
Kyle Turris              0  2  2   1  0   2  0  0  0  0  9/15   17:50   2:41   0:00 
Luke Glendening          0  0  0  -1  0   0  3  0  0  0  1/5     8:12   0:00   0:00 
Morgan Rielly            0  0  0   0  0   0  4  0  0  0  0/0    22:29   2:20   0:00 
Patrik Berglund          1  0  1   1  0   6  1  0  2  0  10/16  13:08   0:00   0:00 
Ryan O'Reilly            0  1  1   0  0   1  0  0  1  0  12/28  20:50   3:19   0:00 
Sebastian Aho            0  1  1   0  0   2  1  0  0  1  0/1    20:50   3:19   0:00 
Shayne Gostisbehere      0  1  1   0  0   2  1  2  0  1  0/0    22:29   2:20   0:00 
Tom Gilbert              0  0  0   1  0   2  0  1  0  0  0/0    13:14   0:00   0:00 

3 Stars

1 - Alexander Wennberg (QUE)
2 - Jonathan Bernier (QUE)
3 - Patrik Berglund (QUE)

Power Play

Senateurs - 0 on 0 Attempt(s) - 0,00%
Nordiques - 1 on 4 Attempt(s) - 25,00%

Penalty Kill

Senateurs - 3 on 4 Attempt(s) - 75,00% - Score 0 goal in Penalty Kill
Nordiques - 0 on 0 Attempt(s) - 0,00% - Score 0 goal in Penalty Kill

Team Stat

Senateurs - Hits : 19 - Faceoff Wins : 36 - Blocked Shots : 10 - Penalty Minutes : 8
Nordiques - Hits : 18 - Faceoff Wins : 32 - Blocked Shots : 7 - Penalty Minutes : 0

Official

Referees : Kendrick Nicholson and Chris Lee
Linesman : Pierre Racicot and Scott Cherrey

Game Notes

No Game Note

Finance

Level 1 -- Attendance: 6000 (100,00%) -- Ticket Income 480 000 $
Level 2 -- Attendance: 4826 (96,52%) -- Ticket Income 241 300 $
Level 3 -- Attendance: 2000 (100,00%) -- Ticket Income 50 000 $
Level 4 -- Attendance: 4000 (100,00%) -- Ticket Income 40 000 $
Luxury Box -- Attendance: 924 (92,40%) -- Ticket Income 147 840 $
Game was played at the Colisee.
Total Attendance: 17750 (98,61%)
Total Ticket Income: 959 140 $
Other Income: 469 979 $
Total Income: 1 429 119 $

Senateurs

5 vs 5 Forward 
   Center                   Left Wing                Right Wing               Time % Phy DF OF 
 1 Frans Nielsen            Dustin Brown             Tanner Pearson           35     1   2  2  
 2 Michael Cammalleri       Viktor Arvidsson         Ryan Spooner             28     1   2  2  
 3 Erik Haula               Chandler Stephenson      Jarome Iginla            22     1   2  2  
 4 Matt Hendricks           Dwight King              Alexandre Burrows        15     1   2  2  

5 vs 5 Defense 
   Defense                  Defense                                           Time % Phy DF OF 
 1 Dougie Hamilton          Nikita Zaitsev                                    37     1   2  2  
 2 Jason Garrison           Luca Sbisa                                        34     1   2  2  
 3 Jake McCabe              Haydn Fleury                                      21     1   2  2  
 4 Dougie Hamilton          Nikita Zaitsev                                    8      1   2  2  

PowerPlay Forward 
   Center                   Left Wing                Right Wing               Time % Phy DF OF 
 1 Frans Nielsen            Dustin Brown             Tanner Pearson           60     1   2  2  
 2 Michael Cammalleri       Viktor Arvidsson         Ryan Spooner             40     1   2  2  

PowerPlay Defense
   Defense                  Defense                                           Time % Phy DF OF 
 1 Dougie Hamilton          Nikita Zaitsev                                    60     1   2  2  
 2 Jake McCabe              Haydn Fleury                                      40     1   2  2  

Penalty Kill 4 Players Forward 
   Center                   Wing                     Time % Phy DF OF 
 1 Matt Hendricks           Dustin Brown             60     0   2  2  
 2 Frans Nielsen            Alexandre Burrows        40     1   2  2  

Penalty Kill 4 Players Defense
   Defense                  Defense                  Time % Phy DF OF 
 1 Jason Garrison           Luca Sbisa               60     1   2  2  
 2 Dougie Hamilton          Nikita Zaitsev           40     1   2  2  

Penalty Kill - 3 Players Forward 
   Forward                                           Time % Phy DF OF 
 1 Frans Nielsen                                     60     1   2  2  
 2 Erik Haula                                        40     1   2  2  

Penalty Kill - 3 Players Defense
   Defense                  Defense                  Time % Phy DF OF 
 1 Jason Garrison           Luca Sbisa               60     1   2  2  
 2 Dougie Hamilton          Nikita Zaitsev           40     1   2  2  

4 vs 4 Forward 
   Center                   Wing                     Time % Phy DF OF 
 1 Frans Nielsen            Tanner Pearson           60     1   2  2  
 2 Michael Cammalleri       Viktor Arvidsson         40     1   2  2  

4 vs 4 Defense
   Defense                  Defense                  Time % Phy DF OF 
 1 Dougie Hamilton          Nikita Zaitsev           60     1   2  2  
 2 Jason Garrison           Luca Sbisa               40     1   2  2  

Last Minutes Offensive
   Center                   Left Wing                Right Wing               Defense                  Defense                  
   Frans Nielsen            Viktor Arvidsson         Michael Cammalleri       Dougie Hamilton          Nikita Zaitsev           

Last Minutes Defensive
   Center                   Left Wing                Right Wing               Defense                  Defense                  
   Matt Hendricks           Alexandre Burrows        Dustin Brown             Jason Garrison           Luca Sbisa               

Goaltenders
Starting : Jaroslav Halak           
Backup : Mike Smith               

Extra Forwards
Normal : Viktor Arvidsson, Frans Nielsen, Michael Cammalleri - PP : Viktor Arvidsson, Frans Nielsen - PK : Matt Hendricks
Extra Defensemen
Normal : Dougie Hamilton, Nikita Zaitsev, Luca Sbisa - PP : Dougie Hamilton - PK : Nikita Zaitsev, Jason Garrison
Penalty Shots
Frans Nielsen, Matt Hendricks, Dwight King, Alexandre Burrows, Michael Cammalleri
Custom OT Lines Forwards
Frans Nielsen, Dustin Brown, Tanner Pearson, Michael Cammalleri, Viktor Arvidsson, Ryan Spooner, Erik Haula, Chandler Stephenson, Jarome Iginla, Alexandre Burrows
Custom OT Lines Defensemen
Dougie Hamilton, Nikita Zaitsev, Jason Garrison, Luca Sbisa, Jake McCabe

Scratches
Jeff Schultz (Healthy), Devin Shore (Healthy), Tyler Ennis (Healthy)

Nordiques

5 vs 5 Forward 
   Center                   Left Wing                Right Wing               Time % Phy DF OF 
 1 Ryan O'Reilly            Jamie Benn               Sebastian Aho            35     0   2  3  
 2 Kyle Turris              Evander Kane             Alexander Wennberg       30     0   2  3  
 3 Patrik Berglund          Jaromir Jagr             Connor Brown             25     0   2  3  
 4 Luke Glendening          Derek MacKenzie          Jakub Vrana              10     0   2  3  

5 vs 5 Defense 
   Defense                  Defense                                           Time % Phy DF OF 
 1 Andrei Markov            Jared Spurgeon                                    38     1   3  1  
 2 Morgan Rielly            Shayne Gostisbehere                               37     1   3  1  
 3 Kevin Klein              Tom Gilbert                                       25     1   3  1  
 4 Andrei Markov            Jared Spurgeon                                    0      1   3  1  

PowerPlay Forward 
   Center                   Left Wing                Right Wing               Time % Phy DF OF 
 1 Ryan O'Reilly            Jamie Benn               Sebastian Aho            51     0   1  4  
 2 Kyle Turris              Evander Kane             Alexander Wennberg       49     0   1  4  

PowerPlay Defense
   Defense                  Defense                                           Time % Phy DF OF 
 1 Andrei Markov            Jared Spurgeon                                    51     1   2  2  
 2 Morgan Rielly            Shayne Gostisbehere                               49     1   2  2  

Penalty Kill 4 Players Forward 
   Center                   Wing                     Time % Phy DF OF 
 1 Ryan O'Reilly            Jamie Benn               50     1   2  2  
 2 Patrik Berglund          Connor Brown             50     1   3  1  

Penalty Kill 4 Players Defense
   Defense                  Defense                  Time % Phy DF OF 
 1 Andrei Markov            Jared Spurgeon           50     1   3  1  
 2 Morgan Rielly            Shayne Gostisbehere      50     1   3  1  

Penalty Kill - 3 Players Forward 
   Forward                                           Time % Phy DF OF 
 1 Ryan O'Reilly                                     50     0   3  2  
 2 Patrik Berglund                                   50     0   3  2  

Penalty Kill - 3 Players Defense
   Defense                  Defense                  Time % Phy DF OF 
 1 Andrei Markov            Jared Spurgeon           50     1   3  1  
 2 Morgan Rielly            Shayne Gostisbehere      50     1   3  1  

4 vs 4 Forward 
   Center                   Wing                     Time % Phy DF OF 
 1 Ryan O'Reilly            Jamie Benn               50     0   2  3  
 2 Kyle Turris              Alexander Wennberg       50     0   2  3  

4 vs 4 Defense
   Defense                  Defense                  Time % Phy DF OF 
 1 Andrei Markov            Jared Spurgeon           50     1   2  2  
 2 Morgan Rielly            Shayne Gostisbehere      50     1   2  2  

Last Minutes Offensive
   Center                   Left Wing                Right Wing               Defense                  Defense                  
   Ryan O'Reilly            Jamie Benn               Sebastian Aho            Andrei Markov            Jared Spurgeon           

Last Minutes Defensive
   Center                   Left Wing                Right Wing               Defense                  Defense                  
   Ryan O'Reilly            Jamie Benn               Sebastian Aho            Andrei Markov            Jared Spurgeon           

Goaltenders
Starting : Jonathan Bernier         
Backup : Roberto Luongo           

Extra Forwards
Normal : Ryan O'Reilly, Jamie Benn, Kyle Turris - PP : Jaromir Jagr, Patrik Berglund - PK : Ryan O'Reilly
Extra Defensemen
Normal : Kevin Klein, Tom Gilbert, Morgan Rielly - PP : Tom Gilbert - PK : Kevin Klein, Tom Gilbert
Penalty Shots
Jamie Benn, Kyle Turris, Sebastian Aho, Patrik Berglund, Ryan O'Reilly
Custom OT Lines Forwards
Jamie Benn, Ryan O'Reilly, Kyle Turris, Alexander Wennberg, Sebastian Aho, Patrik Berglund, Evander Kane, Jaromir Jagr, Connor Brown, Jakub Vrana
Custom OT Lines Defensemen
Jared Spurgeon, Andrei Markov, Morgan Rielly, Shayne Gostisbehere, Kevin Klein

Scratches
John-Michael Liles (Healthy), Paul Carey (Healthy)

% Time on Ice - Senateurs

Lines # - Real PCT - Wanted PCT - Time Play
Normal Forward
1 - 34% - 35% - 18:15
2 - 29% - 28% - 15:27
3 - 23% - 22% - 12:21
4 - 15% - 15% - 7:57
Normal Defense
1 - 35% - 37% - 19:07
2 - 33% - 34% - 17:38
3 - 25% - 21% - 13:28
4 - 7% - 8% - 3:47
PP Forward
1 - 0% - 60%
2 - 0% - 40%
PP Defense
1 - 0% - 60%
2 - 0% - 40%
PK Forward
1 - 84% - 60% - 5:03
2 - 16% - 40% - 0:57
PK Defense
1 - 63% - 60% - 3:48
2 - 37% - 40% - 2:12
PK3 Forward
1 - 0% - 60%
2 - 0% - 40%
PK3 Defense
1 - 0% - 60%
2 - 0% - 40%
44 Forward
1 - 0% - 60%
2 - 0% - 40%
44 Defense
1 - 0% - 60%
2 - 0% - 40%
Last Minute Offensive  - 0:00
Last Minute Defensive  - 0:00
Total
Forward - 60:00
Defense - 60:00

% Time on Ice - Nordiques

Lines # - Real PCT - Wanted PCT - Time Play
Normal Forward
1 - 33% - 35% - 17:40
2 - 28% - 30% - 15:00
3 - 24% - 25% - 13:08
4 - 15% - 10% - 8:12
Normal Defense
1 - 38% - 38% - 20:37
2 - 37% - 37% - 20:09
3 - 25% - 25% - 13:14
4 - 0% - 0% - 0:00
PP Forward
1 - 55% - 51% - 3:19
2 - 45% - 49% - 2:41
PP Defense
1 - 61% - 51% - 3:40
2 - 39% - 49% - 2:20
PK Forward
1 - 0% - 50%
2 - 0% - 50%
PK Defense
1 - 0% - 50%
2 - 0% - 50%
PK3 Forward
1 - 0% - 50%
2 - 0% - 50%
PK3 Defense
1 - 0% - 50%
2 - 0% - 50%
44 Forward
1 - 0% - 50%
2 - 0% - 50%
44 Defense
1 - 0% - 50%
2 - 0% - 50%
Last Minute Offensive  - 0:00
Last Minute Defensive  - 0:00
Total
Forward - 60:00
Defense - 60:00

Play by Play

1st period


0:01 of 1st period - Frans Nielsen wins face-off versus Ryan O'Reilly in neutral zone.
0:16 of 1st period - Wrist shot by Frans Nielsen.
0:16 of 1st period - Stopped by Jonathan Bernier with a rebound.
0:52 of 1st period - Jason Garrison is hit by Morgan Rielly and loses puck.
1:11 of 1st period - Snap shot by Tanner Pearson.
1:11 of 1st period - Stopped by Jonathan Bernier without a rebound.
1:12 of 1st period - Ryan O'Reilly wins face-off versus Frans Nielsen in Nordiques zone.
1:41 of 1st period - Snap shot by Alexandre Burrows.
1:41 of 1st period - Shot Misses the Net.
1:52 of 1st period - Dougie Hamilton is hit by Evander Kane and loses puck.
2:11 of 1st period - Wrist shot by Luke Glendening.
2:11 of 1st period - Shot Misses the Net.
3:19 of 1st period - Wrist shot by Alexander Wennberg.
3:19 of 1st period - Deflect By Kyle Turris.
3:19 of 1st period - Stopped by Jaroslav Halak without a rebound.
3:20 of 1st period - Patrik Berglund wins face-off versus Tanner Pearson in Senateurs zone.
3:21 of 1st period - Snap shot by Connor Brown.
3:21 of 1st period - Stopped by Jaroslav Halak without a rebound.
3:22 of 1st period - Frans Nielsen wins face-off versus Patrik Berglund in Senateurs zone.
3:22 of 1st period - Frans Nielsen is hit by Kevin Klein.
3:31 of 1st period - Off-side.
3:32 of 1st period - Michael Cammalleri wins face-off versus Ryan O'Reilly in neutral zone.
4:08 of 1st period - Snap shot by Evander Kane.
4:08 of 1st period - Stopped by Jaroslav Halak without a rebound.
4:09 of 1st period - Erik Haula wins face-off versus Patrik Berglund in Senateurs zone.
5:30 of 1st period - Andrei Markov is hit by Haydn Fleury and loses puck.
6:11 of 1st period - Alexander Wennberg is hit by Luca Sbisa and loses puck.
7:00 of 1st period - Snap shot by Patrik Berglund.
7:00 of 1st period - Stopped by Jaroslav Halak with a rebound.
7:48 of 1st period - Snap shot by Tanner Pearson.
7:48 of 1st period - Shot Hit the Post.
8:16 of 1st period - Off-side.
8:17 of 1st period - Matt Hendricks wins face-off versus Luke Glendening in neutral zone.
8:22 of 1st period - Wrist shot by Alexandre Burrows.
8:22 of 1st period - Stopped by Jonathan Bernier with a rebound.
8:31 of 1st period - Off-side.
8:32 of 1st period - Ryan O'Reilly wins face-off versus Tanner Pearson in neutral zone.
9:28 of 1st period - Off-side.
9:29 of 1st period - Frans Nielsen wins face-off versus Ryan O'Reilly in neutral zone.
9:38 of 1st period - Slapshot by Frans Nielsen.
9:38 of 1st period - Shot Misses the Net.
9:56 of 1st period - Alexander Wennberg is hit by Jarome Iginla and loses puck.
10:05 of 1st period - Slapshot by Jarome Iginla.
10:05 of 1st period - Stopped by Jonathan Bernier without a rebound.
10:06 of 1st period - Patrik Berglund wins face-off versus Michael Cammalleri in Nordiques zone.
10:19 of 1st period - Slapshot by Viktor Arvidsson.
10:19 of 1st period - Stopped by Jonathan Bernier with a rebound.
10:25 of 1st period - Jake McCabe is hit by Jaromir Jagr and loses puck.
10:38 of 1st period - Jared Spurgeon is hit by Dustin Brown.
12:25 of 1st period - Snap shot by Alexander Wennberg.
12:25 of 1st period - Stopped by Jaroslav Halak with a rebound.
12:27 of 1st period - Slapshot by Tom Gilbert.
12:27 of 1st period - Stopped by Jaroslav Halak without a rebound.
12:28 of 1st period - Patrik Berglund wins face-off versus Frans Nielsen in Senateurs zone.
12:29 of 1st period - Wrist shot by Connor Brown.
12:29 of 1st period - Shot Blocked by Nikita Zaitsev.
12:31 of 1st period - Slapshot by Connor Brown.
12:31 of 1st period - Stopped by Jaroslav Halak without a rebound.
12:32 of 1st period - Patrik Berglund wins face-off versus Frans Nielsen in Senateurs zone.
13:04 of 1st period - Slapshot by Chandler Stephenson.
13:04 of 1st period - Deflect By Jarome Iginla.
13:04 of 1st period - Stopped by Jonathan Bernier with a rebound.
13:06 of 1st period - Snap shot by Jarome Iginla.
13:06 of 1st period - Shot Misses the Net.
13:08 of 1st period - Slapshot by Nikita Zaitsev.
13:08 of 1st period - Deflect By Jamie Benn.
13:08 of 1st period - Stopped by Jonathan Bernier with a rebound.
13:10 of 1st period - Wrist shot by Chandler Stephenson.
13:10 of 1st period - Shot Blocked by Kevin Klein.
13:12 of 1st period - Slapshot by Chandler Stephenson.
13:12 of 1st period - Stopped by Jonathan Bernier with a rebound.
13:24 of 1st period - Snap shot by Kyle Turris.
13:24 of 1st period - Shot Misses the Net.
13:34 of 1st period - Snap shot by Evander Kane.
13:34 of 1st period - Stopped by Jaroslav Halak without a rebound.
13:35 of 1st period - Patrik Berglund wins face-off versus Frans Nielsen in Senateurs zone.
13:36 of 1st period - Snap shot by Jaromir Jagr.
13:36 of 1st period - Stopped by Jaroslav Halak without a rebound.
13:37 of 1st period - Patrik Berglund wins face-off versus Frans Nielsen in Senateurs zone.
14:11 of 1st period - Wrist shot by Jamie Benn.
14:11 of 1st period - Shot Blocked by Chandler Stephenson.
14:33 of 1st period - Backhand shot by Viktor Arvidsson.
14:33 of 1st period - Stopped by Jonathan Bernier without a rebound.
14:34 of 1st period - Frans Nielsen wins face-off versus Ryan O'Reilly in Nordiques zone.
14:46 of 1st period - Minor Penalty to Nikita Zaitsev for Holding Stick.
14:47 of 1st period - Ryan O'Reilly wins face-off versus Matt Hendricks in Senateurs zone.
16:46 of 1st period - Penalty to Nikita Zaitsev is over, Nikita Zaitsev is back on ice.
16:53 of 1st period - Snap shot by Patrik Berglund.
16:53 of 1st period - Shot Blocked by Dustin Brown.
16:55 of 1st period - Slapshot by Connor Brown.
16:55 of 1st period - Deflect By Jaromir Jagr.
16:55 of 1st period - Stopped by Jaroslav Halak with a rebound.
16:57 of 1st period - Slapshot by Tom Gilbert.
16:57 of 1st period - Stopped by Jaroslav Halak with a rebound.
16:59 of 1st period - Wrist shot by Patrik Berglund.
16:59 of 1st period - Shot Misses the Net.
17:01 of 1st period - Slapshot by Tom Gilbert.
17:01 of 1st period - Shot Blocked by Jason Garrison.
18:13 of 1st period - Patrik Berglund is hit by Nikita Zaitsev and loses puck.
18:49 of 1st period - Matt Hendricks is hit by Kevin Klein.
Goals for this period are 0 for Senateurs vs 0 for Nordiques.
Shots for this period are 9 for Senateurs vs 11 for Nordiques.

2nd period


0:01 of 2nd period - Frans Nielsen wins face-off versus Ryan O'Reilly in neutral zone.
0:16 of 2nd period - Snap shot by Sebastian Aho.
0:16 of 2nd period - Stopped by Jaroslav Halak without a rebound.
0:17 of 2nd period - Kyle Turris wins face-off versus Michael Cammalleri in Senateurs zone.
0:47 of 2nd period - Slapshot by Jamie Benn.
0:47 of 2nd period - Goal by Jamie Benn - Senateurs : 0 - Nordiques : 1.
0:48 of 2nd period - Frans Nielsen wins face-off versus Sebastian Aho in neutral zone.
0:59 of 2nd period - Snap shot by Frans Nielsen.
0:59 of 2nd period - Goal by Frans Nielsen - Senateurs : 1 - Nordiques : 1.
1:00 of 2nd period - Ryan O'Reilly wins face-off versus Frans Nielsen in neutral zone.
2:08 of 2nd period - Slapshot by Patrik Berglund.
2:08 of 2nd period - Stopped by Jaroslav Halak without a rebound.
2:09 of 2nd period - Matt Hendricks wins face-off versus Patrik Berglund in Senateurs zone.
2:09 of 2nd period - Matt Hendricks is hit by Morgan Rielly.
2:42 of 2nd period - Snap shot by Frans Nielsen.
2:42 of 2nd period - Shot Misses the Net.
3:05 of 2nd period - Snap shot by Viktor Arvidsson.
3:05 of 2nd period - Stopped by Jonathan Bernier without a rebound.
3:06 of 2nd period - Ryan O'Reilly wins face-off versus Jarome Iginla in Nordiques zone.
3:22 of 2nd period - Slapshot by Sebastian Aho.
3:22 of 2nd period - Shot Misses the Net.
3:32 of 2nd period - Kyle Turris is hit by Luca Sbisa.
4:15 of 2nd period - Michael Cammalleri is hit by Jamie Benn and loses puck.
4:38 of 2nd period - Wrist shot by Viktor Arvidsson.
4:38 of 2nd period - Stopped by Jonathan Bernier without a rebound.
4:39 of 2nd period - Frans Nielsen wins face-off versus Luke Glendening in Nordiques zone.
4:44 of 2nd period - Slapshot by Jared Spurgeon.
4:44 of 2nd period - Deflect By Jakub Vrana.
4:44 of 2nd period - Shot Blocked by Jake McCabe.
4:44 of 2nd period - Puck is out of play.
4:45 of 2nd period - Ryan O'Reilly wins face-off versus Tanner Pearson in Senateurs zone.
4:58 of 2nd period - Snap shot by Frans Nielsen.
4:58 of 2nd period - Stopped by Jonathan Bernier without a rebound.
4:59 of 2nd period - Erik Haula wins face-off versus Evander Kane in Nordiques zone.
5:00 of 2nd period - Snap shot by Jarome Iginla.
5:00 of 2nd period - Stopped by Jonathan Bernier with a rebound.
5:30 of 2nd period - Andrei Markov is hit by Frans Nielsen and loses puck.
5:52 of 2nd period - Patrik Berglund is hit by Viktor Arvidsson.
5:58 of 2nd period - Wrist shot by Patrik Berglund.
5:58 of 2nd period - Deflect By Jaromir Jagr.
5:58 of 2nd period - Stopped by Jaroslav Halak without a rebound.
5:59 of 2nd period - Kyle Turris wins face-off versus Erik Haula in Senateurs zone.
6:11 of 2nd period - Icing by Jarome Iginla.
6:12 of 2nd period - Erik Haula wins face-off versus Ryan O'Reilly in Senateurs zone.
6:20 of 2nd period - Shayne Gostisbehere is hit by Jason Garrison and loses puck.
6:47 of 2nd period - Frans Nielsen is hit by Morgan Rielly and loses puck.
7:02 of 2nd period - Jaromir Jagr is hit by Michael Cammalleri and loses puck.
7:09 of 2nd period - Wrist shot by Viktor Arvidsson.
7:09 of 2nd period - Deflect By Michael Cammalleri.
7:09 of 2nd period - Stopped by Jonathan Bernier without a rebound.
7:10 of 2nd period - Michael Cammalleri wins face-off versus Ryan O'Reilly in Nordiques zone.
7:35 of 2nd period - Nikita Zaitsev is hit by Andrei Markov and loses puck.
8:20 of 2nd period - Snap shot by Viktor Arvidsson.
8:20 of 2nd period - Deflect By Ryan Spooner.
8:20 of 2nd period - Goal by Ryan Spooner - Senateurs : 2 - Nordiques : 1.
8:21 of 2nd period - Dustin Brown wins face-off versus Ryan O'Reilly in neutral zone.
8:26 of 2nd period - Slapshot by Dustin Brown.
8:26 of 2nd period - Stopped by Jonathan Bernier without a rebound.
8:27 of 2nd period - Frans Nielsen wins face-off versus Jamie Benn in Nordiques zone.
9:12 of 2nd period - Off-side.
9:13 of 2nd period - Erik Haula wins face-off versus Luke Glendening in neutral zone.
10:32 of 2nd period - Snap shot by Jared Spurgeon.
10:32 of 2nd period - Stopped by Jaroslav Halak with a rebound.
10:34 of 2nd period - Snap shot by Jaromir Jagr.
10:34 of 2nd period - Stopped by Jaroslav Halak with a rebound.
10:36 of 2nd period - Snap shot by Jaromir Jagr.
10:36 of 2nd period - Shot Blocked by Viktor Arvidsson.
10:38 of 2nd period - Slapshot by Andrei Markov.
10:38 of 2nd period - Stopped by Jaroslav Halak without a rebound.
10:39 of 2nd period - Ryan O'Reilly wins face-off versus Frans Nielsen in Senateurs zone.
11:04 of 2nd period - Shayne Gostisbehere is hit by Viktor Arvidsson and loses puck.
11:15 of 2nd period - Snap shot by Jamie Benn.
11:15 of 2nd period - Stopped by Jaroslav Halak without a rebound.
11:16 of 2nd period - Frans Nielsen wins face-off versus Kyle Turris in Senateurs zone.
12:03 of 2nd period - Erik Haula is hit by Morgan Rielly.
12:38 of 2nd period - Wrist shot by Jamie Benn.
12:38 of 2nd period - Shot Misses the Net.
12:51 of 2nd period - Morgan Rielly is hit by Frans Nielsen and loses puck.
13:00 of 2nd period - Snap shot by Frans Nielsen.
13:00 of 2nd period - Stopped by Jonathan Bernier with a rebound.
13:40 of 2nd period - Off-side.
13:41 of 2nd period - Ryan O'Reilly wins face-off versus Frans Nielsen in neutral zone.
14:08 of 2nd period - Jarome Iginla is hit by Evander Kane and loses puck.
14:36 of 2nd period - Snap shot by Jaromir Jagr.
14:36 of 2nd period - Stopped by Jaroslav Halak with a rebound.
15:31 of 2nd period - Snap shot by Frans Nielsen.
15:31 of 2nd period - Stopped by Jonathan Bernier with a rebound.
15:33 of 2nd period - Snap shot by Chandler Stephenson.
15:33 of 2nd period - Stopped by Jonathan Bernier without a rebound.
15:34 of 2nd period - Kyle Turris wins face-off versus Erik Haula in Nordiques zone.
15:34 of 2nd period - Kyle Turris is hit by Erik Haula.
15:40 of 2nd period - Wrist shot by Jarome Iginla.
15:40 of 2nd period - Stopped by Jonathan Bernier with a rebound.
15:42 of 2nd period - Snap shot by Chandler Stephenson.
15:42 of 2nd period - Shot Blocked by Shayne Gostisbehere.
15:44 of 2nd period - Slapshot by Dougie Hamilton.
15:44 of 2nd period - Stopped by Jonathan Bernier with a rebound.
15:46 of 2nd period - Wrist shot by Erik Haula.
15:46 of 2nd period - Shot Misses the Net.
15:54 of 2nd period - Snap shot by Erik Haula.
15:54 of 2nd period - Stopped by Jonathan Bernier without a rebound.
15:55 of 2nd period - Frans Nielsen wins face-off versus Ryan O'Reilly in Nordiques zone.
16:10 of 2nd period - Andrei Markov is hit by Jake McCabe and loses puck.
16:25 of 2nd period - Off-side.
16:26 of 2nd period - Kyle Turris wins face-off versus Michael Cammalleri in neutral zone.
16:48 of 2nd period - Snap shot by Ryan Spooner.
16:48 of 2nd period - Stopped by Jonathan Bernier with a rebound.
17:06 of 2nd period - Snap shot by Evander Kane.
17:06 of 2nd period - Stopped by Jaroslav Halak without a rebound.
17:07 of 2nd period - Ryan O'Reilly wins face-off versus Dustin Brown in Senateurs zone.
17:14 of 2nd period - Snap shot by Ryan O'Reilly.
17:14 of 2nd period - Stopped by Jaroslav Halak with a rebound.
17:18 of 2nd period - Snap shot by Jamie Benn.
17:18 of 2nd period - Stopped by Jaroslav Halak with a rebound.
17:58 of 2nd period - Matt Hendricks is hit by Luke Glendening.
18:16 of 2nd period - Wrist shot by Ryan O'Reilly.
18:16 of 2nd period - Shot Misses the Net.
18:18 of 2nd period - Wrist shot by Sebastian Aho.
18:18 of 2nd period - Shot Misses the Net.
18:38 of 2nd period - Slapshot by Viktor Arvidsson.
18:38 of 2nd period - Shot Misses the Net.
19:06 of 2nd period - Slapshot by Shayne Gostisbehere.
19:06 of 2nd period - Deflect By Jason Garrison.
19:06 of 2nd period - Stopped by Jaroslav Halak without a rebound.
19:07 of 2nd period - Erik Haula wins face-off versus Luke Glendening in Senateurs zone.
19:20 of 2nd period - Slapshot by Chandler Stephenson.
19:20 of 2nd period - Shot Blocked by Shayne Gostisbehere.
19:22 of 2nd period - Wrist shot by Erik Haula.
19:22 of 2nd period - Deflect By Derek MacKenzie.
19:22 of 2nd period - Shot Misses the Net.
19:22 of 2nd period - Puck is out of play.
19:23 of 2nd period - Michael Cammalleri wins face-off versus Ryan O'Reilly in Nordiques zone.
19:24 of 2nd period - Snap shot by Viktor Arvidsson.
19:24 of 2nd period - Shot Misses the Net.
19:36 of 2nd period - Snap shot by Jamie Benn.
19:36 of 2nd period - Stopped by Jaroslav Halak without a rebound.
19:37 of 2nd period - Frans Nielsen wins face-off versus Ryan O'Reilly in Senateurs zone.
19:50 of 2nd period - Snap shot by Tanner Pearson.
19:50 of 2nd period - Stopped by Jonathan Bernier with a rebound.
Goals for this period are 2 for Senateurs vs 1 for Nordiques.
Shots for this period are 16 for Senateurs vs 14 for Nordiques.

3rd period


0:01 of 3rd period - Ryan O'Reilly wins face-off versus Frans Nielsen in neutral zone.
0:12 of 3rd period - Wrist shot by Sebastian Aho.
0:12 of 3rd period - Stopped by Jaroslav Halak with a rebound.
0:26 of 3rd period - Erik Haula is hit by Patrik Berglund and loses puck.
0:47 of 3rd period - Slapshot by Jaromir Jagr.
0:47 of 3rd period - Deflect By Alexander Wennberg.
0:47 of 3rd period - Shot Misses the Net.
0:47 of 3rd period - Puck is out of play.
0:48 of 3rd period - Kyle Turris wins face-off versus Matt Hendricks in Senateurs zone.
0:55 of 3rd period - Snap shot by Kyle Turris.
0:55 of 3rd period - Stopped by Jaroslav Halak with a rebound.
0:57 of 3rd period - Slapshot by Shayne Gostisbehere.
0:57 of 3rd period - Deflect By Jason Garrison.
0:57 of 3rd period - Stopped by Jaroslav Halak with a rebound.
0:59 of 3rd period - Snap shot by Kyle Turris.
0:59 of 3rd period - Deflect By Alexander Wennberg.
0:59 of 3rd period - Goal by Alexander Wennberg - Senateurs : 2 - Nordiques : 2.
1:00 of 3rd period - Frans Nielsen wins face-off versus Ryan O'Reilly in neutral zone.
1:03 of 3rd period - Sebastian Aho is hit by Tanner Pearson and loses puck.
1:08 of 3rd period - Snap shot by Tanner Pearson.
1:08 of 3rd period - Stopped by Jonathan Bernier without a rebound.
1:09 of 3rd period - Ryan O'Reilly wins face-off versus Frans Nielsen in Nordiques zone.
1:09 of 3rd period - Ryan O'Reilly is hit by Dougie Hamilton.
1:51 of 3rd period - Wrist shot by Jamie Benn.
1:51 of 3rd period - Shot Misses the Net.
2:01 of 3rd period - Snap shot by Frans Nielsen.
2:01 of 3rd period - Stopped by Jonathan Bernier with a rebound.
2:03 of 3rd period - Snap shot by Dougie Hamilton.
2:03 of 3rd period - Stopped by Jonathan Bernier with a rebound.
2:14 of 3rd period - Minor Penalty to Dougie Hamilton for Roughing.
2:15 of 3rd period - Kyle Turris wins face-off versus Matt Hendricks in Senateurs zone.
2:15 of 3rd period - Slapshot by Alexander Wennberg.
2:15 of 3rd period - Stopped by Jaroslav Halak with a rebound.
2:17 of 3rd period - Wrist shot by Alexander Wennberg.
2:17 of 3rd period - Deflect By Luca Sbisa.
2:17 of 3rd period - Goal by Alexander Wennberg - Senateurs : 2 - Nordiques : 3.
2:18 of 3rd period - Patrik Berglund wins face-off versus Michael Cammalleri in neutral zone.
2:21 of 3rd period - Wrist shot by Connor Brown.
2:21 of 3rd period - Stopped by Jaroslav Halak with a rebound.
2:23 of 3rd period - Wrist shot by Patrik Berglund.
2:23 of 3rd period - Goal by Patrik Berglund - Senateurs : 2 - Nordiques : 4.
2:24 of 3rd period - Patrik Berglund wins face-off versus Michael Cammalleri in neutral zone.
2:29 of 3rd period - Snap shot by Jaromir Jagr.
2:29 of 3rd period - Stopped by Jaroslav Halak without a rebound.
2:30 of 3rd period - Patrik Berglund wins face-off versus Michael Cammalleri in Senateurs zone.
2:33 of 3rd period - Snap shot by Patrik Berglund.
2:33 of 3rd period - Stopped by Jaroslav Halak without a rebound.
2:34 of 3rd period - Patrik Berglund wins face-off versus Michael Cammalleri in Senateurs zone.
2:49 of 3rd period - Wrist shot by Connor Brown.
2:49 of 3rd period - Shot Blocked by Dougie Hamilton.
2:51 of 3rd period - Snap shot by Patrik Berglund.
2:51 of 3rd period - Stopped by Jaroslav Halak without a rebound.
2:52 of 3rd period - Jarome Iginla wins face-off versus Kyle Turris in Senateurs zone.
2:54 of 3rd period - Minor Penalty to Jarome Iginla for Tripping.
2:55 of 3rd period - Matt Hendricks wins face-off versus Ryan O'Reilly in Senateurs zone.
2:55 of 3rd period - Matt Hendricks is hit by Shayne Gostisbehere.
3:00 of 3rd period - Jamie Benn is hit by Jason Garrison and loses puck.
3:28 of 3rd period - Snap shot by Shayne Gostisbehere.
3:28 of 3rd period - Shot Blocked by Frans Nielsen.
4:54 of 3rd period - Penalty to Jarome Iginla is over, Jarome Iginla is back on ice.
5:19 of 3rd period - Icing by Tom Gilbert.
5:20 of 3rd period - Luke Glendening wins face-off versus Michael Cammalleri in Nordiques zone.
6:53 of 3rd period - Michael Cammalleri is hit by Luke Glendening and loses puck.
7:53 of 3rd period - Off-side.
7:54 of 3rd period - Frans Nielsen wins face-off versus Patrik Berglund in neutral zone.
9:15 of 3rd period - Icing by Viktor Arvidsson.
9:16 of 3rd period - Michael Cammalleri wins face-off versus Kyle Turris in Senateurs zone.
10:12 of 3rd period - Slapshot by Andrei Markov.
10:12 of 3rd period - Shot Misses the Net.
10:14 of 3rd period - Snap shot by Jared Spurgeon.
10:14 of 3rd period - Stopped by Jaroslav Halak with a rebound.
10:16 of 3rd period - Snap shot by Patrik Berglund.
10:16 of 3rd period - Stopped by Jaroslav Halak with a rebound.
10:35 of 3rd period - Slapshot by Jakub Vrana.
10:35 of 3rd period - Stopped by Jaroslav Halak with a rebound.
10:48 of 3rd period - Off-side.
10:49 of 3rd period - Kyle Turris wins face-off versus Michael Cammalleri in neutral zone.
10:51 of 3rd period - Off-side.
10:52 of 3rd period - Frans Nielsen wins face-off versus Kyle Turris in neutral zone.
10:57 of 3rd period - Snap shot by Tanner Pearson.
10:57 of 3rd period - Shot Blocked by Jared Spurgeon.
10:59 of 3rd period - Wrist shot by Frans Nielsen.
10:59 of 3rd period - Shot Misses the Net.
11:01 of 3rd period - Snap shot by Frans Nielsen.
11:01 of 3rd period - Deflect By Dustin Brown.
11:01 of 3rd period - Stopped by Jonathan Bernier with a rebound.
11:03 of 3rd period - Wrist shot by Jason Garrison.
11:03 of 3rd period - Stopped by Jonathan Bernier without a rebound.
11:04 of 3rd period - Ryan O'Reilly wins face-off versus Frans Nielsen in Nordiques zone.
11:14 of 3rd period - Icing by Dustin Brown.
11:15 of 3rd period - Kyle Turris wins face-off versus Frans Nielsen in Senateurs zone.
11:36 of 3rd period - Jared Spurgeon is hit by Dougie Hamilton and loses puck.
12:01 of 3rd period - Wrist shot by Frans Nielsen.
12:01 of 3rd period - Shot Misses the Net.
12:03 of 3rd period - Slapshot by Dougie Hamilton.
12:03 of 3rd period - Shot Misses the Net.
12:05 of 3rd period - Wrist shot by Nikita Zaitsev.
12:05 of 3rd period - Shot Blocked by Evander Kane.
12:09 of 3rd period - Snap shot by Tanner Pearson.
12:09 of 3rd period - Shot Misses the Net.
12:11 of 3rd period - Snap shot by Tanner Pearson.
12:11 of 3rd period - Shot Misses the Net.
12:13 of 3rd period - Snap shot by Dustin Brown.
12:13 of 3rd period - Shot Misses the Net.
12:15 of 3rd period - Snap shot by Tanner Pearson.
12:15 of 3rd period - Stopped by Jonathan Bernier without a rebound.
12:16 of 3rd period - Erik Haula wins face-off versus Ryan O'Reilly in Nordiques zone.
12:20 of 3rd period - Icing by Tom Gilbert.
12:21 of 3rd period - Erik Haula wins face-off versus Ryan O'Reilly in Nordiques zone.
13:00 of 3rd period - Snap shot by Ryan Spooner.
13:00 of 3rd period - Stopped by Jonathan Bernier with a rebound.
13:36 of 3rd period - Dustin Brown is hit by Sebastian Aho.
13:54 of 3rd period - Wrist shot by Alexander Wennberg.
13:54 of 3rd period - Stopped by Jaroslav Halak with a rebound.
13:56 of 3rd period - Slapshot by Andrei Markov.
13:56 of 3rd period - Shot Misses the Net.
14:28 of 3rd period - Jarome Iginla is hit by Luke Glendening and loses puck.
15:00 of 3rd period - Wrist shot by Jason Garrison.
15:00 of 3rd period - Stopped by Jonathan Bernier with a rebound.
15:02 of 3rd period - Wrist shot by Luca Sbisa.
15:02 of 3rd period - Stopped by Jonathan Bernier with a rebound.
15:09 of 3rd period - Icing by Alexander Wennberg.
15:10 of 3rd period - Kyle Turris wins face-off versus Ryan Spooner in Nordiques zone.
15:10 of 3rd period - Kyle Turris is hit by Ryan Spooner.
15:23 of 3rd period - Off-side.
15:24 of 3rd period - Erik Haula wins face-off versus Patrik Berglund in neutral zone.
15:32 of 3rd period - Minor Penalty to Nikita Zaitsev for Interference.
15:33 of 3rd period - Matt Hendricks wins face-off versus Jamie Benn in Senateurs zone.
15:37 of 3rd period - Snap shot by Jason Garrison.
15:37 of 3rd period - Stopped by Jonathan Bernier with a rebound.
15:39 of 3rd period - Slapshot by Jason Garrison.
15:39 of 3rd period - Stopped by Jonathan Bernier without a rebound.
15:40 of 3rd period - Matt Hendricks wins face-off versus Ryan O'Reilly in Nordiques zone.
16:03 of 3rd period - Wrist shot by Ryan O'Reilly.
16:03 of 3rd period - Deflect By Dustin Brown.
16:03 of 3rd period - Shot Blocked by Jason Garrison.
16:03 of 3rd period - Puck is out of play.
16:04 of 3rd period - Matt Hendricks wins face-off versus Kyle Turris in Senateurs zone.
17:32 of 3rd period - Penalty to Nikita Zaitsev is over, Nikita Zaitsev is back on ice.
17:47 of 3rd period - Slapshot by Dougie Hamilton.
17:47 of 3rd period - Stopped by Jonathan Bernier with a rebound.
17:49 of 3rd period - Wrist shot by Jarome Iginla.
17:49 of 3rd period - Shot Blocked by Tom Gilbert.
17:51 of 3rd period - Wrist shot by Chandler Stephenson.
17:51 of 3rd period - Stopped by Jonathan Bernier with a rebound.
17:53 of 3rd period - Wrist shot by Erik Haula.
17:53 of 3rd period - Shot Blocked by Kevin Klein.
18:03 of 3rd period - Slapshot by Viktor Arvidsson.
18:03 of 3rd period - Shot Misses the Net.
18:13 of 3rd period - Snap shot by Jaromir Jagr.
18:13 of 3rd period - Deflect By Connor Brown.
18:13 of 3rd period - Shot Misses the Net.
18:13 of 3rd period - Puck is out of play.
18:14 of 3rd period - Erik Haula wins face-off versus Kyle Turris in Senateurs zone.
18:14 of 3rd period - Erik Haula is hit by Evander Kane.
18:26 of 3rd period - Snap shot by Alexander Wennberg.
18:26 of 3rd period - Shot Misses the Net.
18:28 of 3rd period - Slapshot by Shayne Gostisbehere.
18:28 of 3rd period - Shot Blocked by Erik Haula.
18:30 of 3rd period - Wrist shot by Alexander Wennberg.
18:30 of 3rd period - Shot Misses the Net.
18:50 of 3rd period - Off-side.
18:51 of 3rd period - Matt Hendricks wins face-off versus Patrik Berglund in neutral zone.
Goals for this period are 0 for Senateurs vs 3 for Nordiques.
Shots for this period are 13 for Senateurs vs 15 for Nordiques.